BSA
ST. LOUIS BROWNS @ CHICAGO MACHINE
08/07/2027
 
TOP OF THE 1ST
St. Louis Browns batting - Pitching for Chicago Machine : RHP Anthony Jackson
Pitching: RHP Anthony Jackson
Batting: LHB Joe Sanders 0-0: Ball
1-0: Ball
2-0: Foul Ball, location: 2F
2-1: SINGLE (Groundball, 3D)
Batting: LHB Mike Hill 0-0: Called Strike
0-1: Ball
1-1: Grounds into double play, 3-6-3 (Groundball, 3)
Batting: LHB Jorge Torres 0-0: Ground out 4-3 (Groundball, 4)
Top of the 1st over - 0 run(s), 1 hit(s), 0 error(s), 0 left on base; St. Louis 0 - Chicago 0
BOTTOM OF THE 1ST
Chicago Machine batting - Pitching for St. Louis Browns : RHP Armando Avilés
Pitching: RHP Armando Avilés
Batting: RHB Lorenzo Guzmán 0-0: Called Strike
0-1: SINGLE (Groundball, 13S) (infield hit)
Batting: SHB Edward Bartlett 0-0: Called Strike
0-1: Ball
1-1: Ground out 4-3 (Groundball, 4MS)
Lorenzo Guzmán to second
Batting: LHB Kiyonaga Morita 0-0: Swinging Strike
0-1: Swinging Strike
0-2: Strikes out swinging
Batting: LHB Eric Wheeler 0-0: Ball
1-0: Fly out, F2 (Popup, 3S)
Bottom of the 1st over - 0 run(s), 1 hit(s), 0 error(s), 1 left on base; St. Louis 0 - Chicago 0
TOP OF THE 2ND
St. Louis Browns batting - Pitching for Chicago Machine : RHP Anthony Jackson
Batting: RHB Mario Rosales 0-0: Foul Ball, location: 2F
0-1: Ground out 6-3 (Groundball, 56)
Batting: LHB Stan Hickman 0-0: Foul Ball, location: 2F
0-1: Foul Ball, location: 2F
0-2: Ball
1-2: Foul Ball, location: 2F
1-2: Ball
2-2: DOUBLE (Flyball, 78M)
Batting: RHB Anthony Rucker 0-0: Ball
1-0: Ball
2-0: Ball
3-0: Base on Balls
Batting: RHB R.J. Parker 0-0: Ball
1-0: Foul Ball, location: 2F
1-1: Foul Ball, location: 2F
1-2: Strikes out swinging
Batting: RHB José Flores 0-0: Fielders Choice at 2nd, 5-4 (Groundball, 5)
Top of the 2nd over - 0 run(s), 1 hit(s), 0 error(s), 1 left on base; St. Louis 0 - Chicago 0
BOTTOM OF THE 2ND
Chicago Machine batting - Pitching for St. Louis Browns : RHP Armando Avilés
Batting: SHB Joaquín López 0-0: Swinging Strike
0-1: Swinging Strike
0-2: Ball
1-2: Strikes out swinging
Batting: SHB Jesús Ramírez 0-0: Ball
1-0: Swinging Strike
1-1: Foul Ball, location: 2F
1-2: Ball
2-2: Foul Ball, location: 2F
2-2: Ground out U3 (Groundball, 34)
Batting: RHB Doug Stephens 0-0: Ball
1-0: Foul Ball, location: 2F
1-1: Ball
2-1: Fly out, F3 (Flyball, 3D)
Bottom of the 2nd over - 0 run(s), 0 hit(s), 0 error(s), 0 left on base; St. Louis 0 - Chicago 0
TOP OF THE 3RD
St. Louis Browns batting - Pitching for Chicago Machine : RHP Anthony Jackson
Batting: LHB Junior Coates 0-0: SOLO HOME RUN (Flyball, 8RXD), Distance : 437 ft
Batting: LHB Joe Sanders 0-0: Ball
1-0: Foul Ball, location: 2F
1-1: Foul Ball, location: 2F
1-2: Ball
2-2: Ball
3-2: Ground out U3 (Groundball, 3)
Batting: LHB Mike Hill 0-0: Ball
1-0: Fly out, F5 (Popup, 5S)
Batting: LHB Jorge Torres 0-0: Called Strike
0-1: Ground out 4-3 (Groundball, 4)
Top of the 3rd over - 1 run(s), 1 hit(s), 0 error(s), 0 left on base; St. Louis 1 - Chicago 0
BOTTOM OF THE 3RD
Chicago Machine batting - Pitching for St. Louis Browns : RHP Armando Avilés
Batting: RHB Sam Wallace 0-0: Ball
1-0: Fly out, F4 (Line Drive, 4D)
Batting: RHB Paul Swift 0-0: Foul Ball, location: 2F
0-1: Swinging Strike
0-2: Strikes out swinging
Batting: RHB Lorenzo Guzmán 0-0: Swinging Strike
0-1: Ground out 5-3 (Groundball, 56)
Bottom of the 3rd over - 0 run(s), 0 hit(s), 0 error(s), 0 left on base; St. Louis 1 - Chicago 0
TOP OF THE 4TH
St. Louis Browns batting - Pitching for Chicago Machine : RHP Anthony Jackson
Batting: RHB Mario Rosales 0-0: Ball
1-0: Foul Ball, location: 2F
1-1: Foul Ball, location: 2F
1-2: Ground out 4-3 (Groundball, 4)
Batting: LHB Stan Hickman 0-0: Ball
1-0: Foul Ball, location: 2F
1-1: Swinging Strike
1-2: Ball
2-2: Foul Ball, location: 2F
2-2: Ball
3-2: Ground out U3 (Groundball, 3)
Batting: RHB Anthony Rucker 0-0: Called Strike
0-1: Ball
1-1: Foul Ball, location: 2F
1-2: Strikes out swinging
Top of the 4th over - 0 run(s), 0 hit(s), 0 error(s), 0 left on base; St. Louis 1 - Chicago 0
BOTTOM OF THE 4TH
Chicago Machine batting - Pitching for St. Louis Browns : RHP Armando Avilés
Batting: SHB Edward Bartlett 0-0: Ground out 5-3 (Groundball, 56S)
Batting: LHB Kiyonaga Morita 0-0: Ball
1-0: Foul Ball, location: 2F
1-1: Ball
2-1: Swinging Strike
2-2: Foul Ball, location: 2F
2-2: Strikes out swinging, 2-3 out at first.
Batting: LHB Eric Wheeler 0-0: Called Strike
0-1: Ball
1-1: Swinging Strike
1-2: Foul Ball, location: 2F
1-2: Ball
2-2: Strikes out looking
Bottom of the 4th over - 0 run(s), 0 hit(s), 0 error(s), 0 left on base; St. Louis 1 - Chicago 0
TOP OF THE 5TH
St. Louis Browns batting - Pitching for Chicago Machine : RHP Anthony Jackson
Batting: RHB R.J. Parker 0-0: Foul Ball, location: 2F
0-1: Ball
1-1: Ball
2-1: Fly out, F8 (Flyball, 8LS)
Batting: RHB José Flores 0-0: Called Strike
0-1: Called Strike
0-2: Foul Ball, location: 2F
0-2: Ball
1-2: Ball
2-2: Strikes out swinging
Batting: LHB Junior Coates 0-0: Called Strike
0-1: Ball
1-1: Called Strike
1-2: Fly out, F9 (Flyball, 9LS)
Top of the 5th over - 0 run(s), 0 hit(s), 0 error(s), 0 left on base; St. Louis 1 - Chicago 0
BOTTOM OF THE 5TH
Chicago Machine batting - Pitching for St. Louis Browns : RHP Armando Avilés
Batting: SHB Joaquín López 0-0: Ball
1-0: Ball
2-0: Swinging Strike
2-1: Ball
3-1: Base on Balls
Batting: SHB Jesús Ramírez 0-0: Foul Ball, location: 2F
0-1: Ball
1-1: Ball
2-1: Foul Ball, location: 2F
2-2: Ball
3-2: Grounds out, U3 (Groundball, 3L)
Batting: RHB Doug Stephens 0-0: Called Strike
0-1: Ball
1-1: Ball
2-1: Foul Ball, location: 2F
2-2: Ball
3-2: Base on Balls
Batting: RHB Sam Wallace 0-0: Called Strike
0-1: Ball
1-1: Ball
2-1: Ball
3-1: Called Strike
3-2: Foul Ball, location: 2F
3-2: Foul Ball, location: 2F
3-2: Fly out, F7 (Flyball, 78XD)
Runner from 2nd tags up, SAFE at 3rd, no throw
Batting: RHB Paul Swift 0-0: Called Strike
0-1: Called Strike
0-2: Ball
1-2: Fielders Choice at 2nd, 5-4 (Groundball, 5D)
Bottom of the 5th over - 0 run(s), 0 hit(s), 0 error(s), 1 left on base; St. Louis 1 - Chicago 0
TOP OF THE 6TH
St. Louis Browns batting - Pitching for Chicago Machine : RHP Anthony Jackson
Batting: LHB Joe Sanders 0-0: Ball
1-0: Foul Ball, location: 2F
1-1: Ball
2-1: Foul Ball, location: 2F
2-2: Foul Ball, location: 2F
2-2: Foul Ball, location: 2F
2-2: Ball
3-2: Ground out 3-1 (Groundball, 3D)
Batting: LHB Mike Hill 0-0: Ground out U3 (Groundball, 3L)
Batting: LHB Jorge Torres 0-0: Called Strike
0-1: Ground out 6-3 (Groundball, 6)
Top of the 6th over - 0 run(s), 0 hit(s), 0 error(s), 0 left on base; St. Louis 1 - Chicago 0
BOTTOM OF THE 6TH
Chicago Machine batting - Pitching for St. Louis Browns : RHP Armando Avilés
Batting: RHB Lorenzo Guzmán 0-0: Ball
1-0: Called Strike
1-1: Ball
2-1: Foul Ball, location: 2F
2-2: Strikes out swinging
Batting: SHB Edward Bartlett 0-0: Ball
1-0: Foul Ball, location: 2F
1-1: Ball
2-1: Called Strike
2-2: Fly out, F8 (Line Drive, 8RM)
Batting: LHB Kiyonaga Morita 0-0: Swinging Strike
0-1: Ball
1-1: Foul Ball, location: 2F
1-2: Ball
2-2: Foul Ball, location: 2F
2-2: Ball
3-2: SINGLE (Flyball, 8RS)
Batting: LHB Eric Wheeler 0-0: Called Strike
0-1: Ball
1-1: Fielders Choice at 2nd, 4-6 (Groundball, 4)
Bottom of the 6th over - 0 run(s), 1 hit(s), 0 error(s), 0 left on base; St. Louis 1 - Chicago 0
TOP OF THE 7TH
St. Louis Browns batting - Pitching for Chicago Machine : RHP Anthony Jackson
Batting: RHB Mario Rosales 0-0: Called Strike
0-1: Ground out 5-3 (Groundball, 5S)
Batting: LHB Stan Hickman 0-0: Foul Ball, location: 2F
0-1: Foul Ball, location: 2F
0-2: Ball
1-2: Ball
2-2: Ball
3-2: Foul Ball, location: 2F
3-2: Foul Ball, location: 2F
3-2: Foul Ball, location: 2F
3-2: Base on Balls
Batting: RHB Anthony Rucker 0-0: Swinging Strike
0-1: Called Strike
0-2: Strikes out swinging
Batting: RHB R.J. Parker 0-0: Ball
1-0: Called Strike
1-1: Ball
2-1: Foul Ball, location: 2F
2-2: Ball
3-2: Base on Balls
Stan Hickman to second
Pitching: RHP Cory Lowe
Batting: RHB José Flores 0-0: Called Strike
0-1: Fielders Choice at 2nd, 6-4 (Groundball, 6)
Top of the 7th over - 0 run(s), 0 hit(s), 0 error(s), 1 left on base; St. Louis 1 - Chicago 0
BOTTOM OF THE 7TH
Chicago Machine batting - Pitching for St. Louis Browns : RHP Armando Avilés
Batting: SHB Joaquín López 0-0: Foul Ball, location: 2F
0-1: Ball
1-1: Called Strike
1-2: SINGLE (Groundball, 56D)
Batting: SHB Jesús Ramírez 0-0: Ball
1-0: Bunted foul
1-1: Bunted foul
1-2: Foul Ball, location: 2F
1-2: Foul Ball, location: 2F
1-2: Foul Ball, location: 2F
1-2: SINGLE (Groundball, 4S) (infield hit)
Joaquín López to second
Batting: RHB Doug Stephens 0-0: Bunted foul
0-1: Sac Bunt - play at third, runner OUT! 2-6
Jesús Ramírez to second
Pitching: RHP Ramón Silva
Batting: RHB Sam Wallace 0-0: Ball
1-0: Called Strike
1-1: Ball
Error on foul ball, E9
2-2: Foul Ball, location: 2F
2-2: Ball
3-2: Foul Ball, location: 2F
3-2: Foul Ball, location: 2F
3-2: Strikes out swinging
Batting: RHB Paul Swift 0-0: Called Strike
0-1: Foul Ball, location: 2F
0-2: Foul Ball, location: 2F
0-2: Ball
1-2: Ball
2-2: Fielders Choice at 2nd, 4-6 (Groundball, 4)
Bottom of the 7th over - 0 run(s), 2 hit(s), 1 error(s), 1 left on base; St. Louis 1 - Chicago 0
TOP OF THE 8TH
St. Louis Browns batting - Pitching for Chicago Machine : RHP Cory Lowe
Batting: LHB Junior Coates 0-0: Ball
1-0: Ground out 6-3 (Groundball, 6M)
Batting: LHB Joe Sanders 0-0: Foul Ball, location: 2F
0-1: Ball
1-1: Foul Ball, location: 2F
1-2: Ball
2-2: Ball
3-2: Foul Ball, location: 2F
3-2: Strikes out looking
Batting: LHB Mike Hill 0-0: Called Strike
0-1: Ball
1-1: Foul Ball, location: 2F
1-2: Fly out, F8 (Flyball, 8LM)
Top of the 8th over - 0 run(s), 0 hit(s), 0 error(s), 0 left on base; St. Louis 1 - Chicago 0
BOTTOM OF THE 8TH
Chicago Machine batting - Pitching for St. Louis Browns : RHP Ramón Silva
Pitching: RHP Kitahachi Okada
Batting: RHB Lorenzo Guzmán 0-0: Called Strike
0-1: SINGLE (Line Drive, 9LS)
Pitching: LHP Santiago Valentín
Batting: SHB Edward Bartlett 0-0: Bunt missed!
0-1: Sac Bunt - play at first, batter OUT! 1-4
Lorenzo Guzmán to second
Batting: LHB Kiyonaga Morita 0-0: Ball
1-0: Called Strike
1-1: Ground out 5-3 (Groundball, 5)
Batting: LHB Eric Wheeler 0-0: Called Strike
0-1: Ball
1-1: Ball
2-1: Foul Ball, location: 2F
2-2: Ball
3-2: Fly out, F7 (Line Drive, 7)
Bottom of the 8th over - 0 run(s), 1 hit(s), 0 error(s), 1 left on base; St. Louis 1 - Chicago 0
TOP OF THE 9TH
St. Louis Browns batting - Pitching for Chicago Machine : RHP Cory Lowe
Batting: LHB Jorge Torres 0-0: Called Strike
0-1: Ball
1-1: SINGLE (Groundball, 6MD)
Batting: RHB Mario Rosales 0-0: Ball
1-0: Foul Ball, location: 2F
1-1: Ball
2-1: Ball
3-1: Single, Error in OF, E7, batter to second base
Jorge Torres to third
Batting: LHB Stan Hickman 0-0: Intentional Walk
Batting: RHB Anthony Rucker 0-0: Ball
1-0: Called Strike
1-1: Ball
2-1: Foul Ball, location: 2F
2-2: SINGLE (Groundball, 56D)
Jorge Torres scores
Mario Rosales to third
Stan Hickman to second
Batting: RHB R.J. Parker 0-0: Swinging Strike
Passed Ball!
Mario Rosales scores
Stan Hickman to third
Anthony Rucker to second
0-1: Swinging Strike
0-2: Ball
1-2: Strikes out swinging
Batting: RHB José Flores 0-0: Called Strike
0-1: Ball
1-1: Swinging Strike
1-2: Strikes out looking
Batting: LHB Junior Coates 0-0: Called Strike
0-1: Foul Ball, location: 2F
0-2: Strikes out swinging
Top of the 9th over - 2 run(s), 3 hit(s), 1 error(s), 2 left on base; St. Louis 3 - Chicago 0
BOTTOM OF THE 9TH
Chicago Machine batting - Pitching for St. Louis Browns : LHP Santiago Valentín
Pitching: LHP Brent Miller
Batting: SHB Joaquín López 0-0: Called Strike
0-1: Ball
1-1: SINGLE (Groundball, 34D)
Batting: SHB Jesús Ramírez 0-0: Ball
1-0: Ball
2-0: Called Strike
2-1: Swinging Strike
2-2: Strikes out swinging
Batting: RHB Doug Stephens 0-0: Ball
1-0: Foul Ball, location: 2F
1-1: Grounds into double play, 6-4-3 (Groundball, 6MD)
Bottom of the 9th over - 0 run(s), 1 hit(s), 0 error(s), 0 left on base; St. Louis 3 - Chicago 0
Thursday, March 30th, 2017 - OOTP Baseball 17.12 Build 75